 Dungeon Crawl Stone Soup version 0.28.0-53-g5a82cb258f (webtiles) character file.

Game seed: 9433453789882592961

228 Gabide the Skirmisher (level 6, -9/49 HPs)
             Began as a Human Monk on June 1, 2022.
             Killed by nerve-wracking pain
             ... invoked by an orc priest
              (12 damage)
             ... on level 4 of the Dungeon.
             The game lasted 00:06:36 (3721 turns).

Gabide the Skirmisher (Human Monk)                  Turns: 3721, Time: 00:06:38

Health: -9/49      AC:  5    Str: 11    XL:     6   Next: 23%
Magic:  6/6        EV: 12    Int: 10    God:
Gold:   1006       SH:  0    Dex: 18    Spells: 5/5 levels left

rFire   . . .      SeeInvis .   a - +0 spear
rCold   . . .      Faith    .   (no shield)
rNeg    . . .      Spirit   .   f - +0 ring mail
rPois   .          Reflect  .   (no helmet)
rElec   .          Harm     .   (no cloak)
rCorr   .          Rampage  .   (no gloves)
Will    .....                   (no boots)
Stlth   ++........              (no amulet)
HPRegen 0.16/turn               (no ring)
MPRegen 0.10/turn               (no ring)

@: no status effects
A: no striking features
a: no special abilities


You were on level 4 of the Dungeon.
You visited 1 branch of the dungeon, and saw 4 of its levels.

You collected 1006 gold pieces.

Inventory:

Hand Weapons
 a - a +0 spear (weapon)
Missiles
 l - 10 poisoned darts (quivered)
Armour
 b - a +0 robe
 f - a +0 ring mail (worn)
Jewellery
 e - a ring of wizardry
Scrolls
 h - a scroll of silence {unknown}
 i - a scroll of noise


   Skills:
 + Level 4.4 Fighting
 + Level 4.4 Polearms
 + Level 4.4 Dodging
 - Level 2.0 Stealth


You had 5 spell levels left.
You didn't know any spells.
Your spell library was empty.

Dungeon Overview and Level Annotations

Branches:
Dungeon (4/15)
 Temple: D:4-7

Altars:

Shops:
D:2 *:(!?

Annotations:
D:3 Grinder


Message History

You climb downwards.
The orc priest looks encouraged for a moment.
The orc barely misses you.
There is a stone staircase leading up here.
The orc priest mumbles some strange prayers to Beogh against you.
Beogh smites you!
You closely miss the orc. The orc hits you with a +0 dagger.
* * * LOW HITPOINT WARNING * * *
You aren't carrying any potions.
As you read the scroll labelled ETUYRCH SOAT, it crumbles to dust.
Your body is wracked with pain!
* * * LOW HITPOINT WARNING * * *
The orc convulses!
The orc priest convulses!
It was a scroll of torment.
The orc hits you but does no damage.
You aren't carrying any potions.
Blink to where?
Press: ? - help, Dir - move target, f - you Are you sure you want to cancel this blink?
Okay, then.
As you read the scroll labelled WOBBILITUK, it crumbles to dust.
It was a scroll of blinking.
The orc closely misses you.
You hit the orc priest.
The orc priest is severely wounded.
The orc priest hits you with a +0 dagger.
* * * LOW HITPOINT WARNING * * *
You hit the orc priest.
The orc priest is severely wounded.
The orc priest closely misses you.
You hit the orc priest but do no damage.
The orc priest is severely wounded.
An orc comes into view. It is wielding a +0 flail.
The orc priest hits you with a +0 dagger.
* * * LOW HITPOINT WARNING * * *
As you read the scroll labelled BEORICVAUP, it crumbles to dust.
The creatures around you are filled with an inner flame!
It was a scroll of immolation.
The orc shouts!
The orc priest invokes the aid of Beogh against you.
Pain shoots through your body!
You die...

#.#
#####.#####.#
#........oo.#
......###.#####.
####. #o#####.#
#..###.......#
#......o###..#
##.####o# # #@#
#.# ... ##...
#####


You could see an orc priest (inner flame) and 2 orcs.

Vanquished Creatures
  A howler monkey (D:4)
  A hound (D:4)
  A centaur skeleton (D:3)
  Terence (D:2)
  2 adders (D:2)
  4 dart slugs
  3 orcs (D:3)
  8 ball pythons
  12 endoplasms
  8 giant cockroaches
  3 goblins (D:1)
  4 hobgoblins
  2 jackals (D:1)
  2 quokkas (D:3)
  10 bats
  2 frilled lizards (D:1)
  3 kobolds
  5 rats
72 creatures vanquished.

Notes
Turn   | Place    | Note
-------+----------+-------------------------------------------
     0 | D:1      | Gabide the Human Monk began the quest for the Orb.
     0 | D:1      | Reached XP level 1. HP: 18/18 MP: 1/1
    74 | D:1      | Reached XP level 2. HP: 7/24 MP: 2/2
   469 | D:1      | Found a faded altar of an unknown god.
   493 | D:1      | Reached XP level 3. HP: 9/29 MP: 3/3
  1138 | D:2      | Found Xiosook's General Store.
  1177 | D:2      | Noticed Terence
  1211 | D:2      | Killed Terence
  1212 | D:2      | Reached XP level 4. HP: 9/37 MP: 4/4
  1474 | D:2      | Found Ommudom's Book Shop.
  1758 | D:2      | Found Zogerph Hyent's Magic Scroll Emporium.
  1762 | D:2      | Found Defisy's Weapon Shop.
  1837 | D:2      | Reached XP level 5. HP: 42/42 MP: 5/5
  1962 | D:2      | Found Uttisa Laeda's Distillery.
  2805 | D:3      | Noticed Grinder
  2818 | D:3      | Identified a scroll of acquirement
  2818 | D:3      | Acquired 918 gold pieces
  2834 | D:3      | Paralysed by Grinder for 2 turns
  2840 | D:3      | Paralysed by Grinder for 6 turns
  2859 | D:3      | Paralysed by Grinder for 5 turns
  3260 | D:4      | Noticed a phantom
  3578 | D:4      | Reached XP level 6. HP: 25/49 MP: 6/6
  3721 | D:4      | Killed from afar by an orc priest

Illustrated notes

Levels and vault maps discovered:
D:1:      lemuel_arrival_behind_the_door_large, layout_basic,
          hellmonk_ecumenical_altar_dog_temple, minivault_14,
          chequers_serial_rivers_marsh
D:2:      layout_loops_ring, serial_shops, nicolae_shop_waterfront,
          nicolae_lakefront_shop, nicolae_shop_statue_plus,
          nicolae_shop_waterfront, shop, minmay_misc_feat_pillars, uniq_terence
D:3:      layout_basic, uniq_grinder
D:4:      kennysheep_spiral_hall, layout_loops_ring, serial_shops,
          kennysheep_mini_moat, ebering_ghost_rock_garden, minmay_pentangle,
          uniq_pikel

Skill      XL: |  1  2  3  4  5 |
---------------+----------------+-----
Fighting       | 4 |  4.4
Polearms       | 4 |  4.4
Dodging        | 4 |  4.4
Stealth        | |  2.0

Action                   |  1- 3 |  4- 6 || total
-------------------------+-------+-------++-------
Melee: Spear             |   109 |   161 ||   270
       Punch             |       |     1 ||     1
Throw: Dart              |       |    14 ||    14
  Use: Potion            |     2 |     3 ||     5
       Scroll            |       |     7 ||     7
 Stab: Sleeping          |     3 |     7 ||    10
Armor: Robe              |     9 |       ||     9
       Ring mail         |     7 |    44 ||    51
Dodge: Dodged            |    42 |    82 ||   124
